 Dungeon Crawl Stone Soup version 0.16-a0-2098-gf8c960b (webtiles) character file.

214 Psiweapon the Cutter (level 6, -1/34 HPs)
             Began as a Kobold Healer on Nov 12, 2014.
             Was a Believer of Elyvilon.
             Killed from afar by an orc wizard (8 damage)
             ... with a magic dart
             ... on level 4 of the Dungeon.
             The game lasted 00:16:51 (3395 turns).

Psiweapon the Cutter (Kobold Healer)                Turns: 3395, Time: 00:16:51

Health: -1/34      AC:  4    Str: 10    XL:     6   Next: 15%
Magic:  7/11       EV: 13    Int: 12    God:    Elyvilon [**....]
Gold:   171        SH:  0    Dex: 16    Spells: 0 memorised, 5 levels left

rFire  . . .     SeeInvis .     C - +0 rapier
rCold  + . .     Clarity  .     B - +0 leather armour
rNeg   . . .     SustAb   .     (no shield)
rPois  .         Gourm    .     m - +0 helmet
rElec  .         Spirit   .     (no cloak)
rCorr  .         Warding  .     (no gloves)
rMut   .         Stasis   .     (no boots)
MR     .....                    (no amulet)
Stlth  +.........               x - ring of protection from cold
                                w - ring of invisibility

@: very slightly contaminated, invisible, not resistant to hostile enchantments,
very unstealthy
A: carnivore 3
a: Lesser Healing, Lesser Self-Healing, Divine Protection, Purification,
Renounce Religion, Turn Visible


You were on level 4 of the Dungeon.
You worshipped Elyvilon.
Elyvilon was pleased with you.
You were very full.

You visited 1 branch of the dungeon, and saw 4 of its levels.

You collected 171 gold pieces.

Inventory:

Hand weapons
 v - a +0 short sword
 y - a +0 hunting sling
 C - a +0 rapier (weapon)
 E - a +0 dagger
Missiles
 e - 46 stones (quivered)
 g - 25 bolts
 D - 2 tomahawks
Armour
 a - a +1 robe
 m - a +0 helmet (worn)
 B - a +0 leather armour (worn)
Jewellery
 w - a ring of invisibility (left hand)
 x - a ring of protection from cold (right hand)
Magical devices
 G - a wand of lightning (2)
Scrolls
 f - 2 scrolls of teleportation {unknown}
 h - a scroll of magic mapping {unknown}
 i - 2 scrolls of blinking {unknown}
 k - 2 scrolls of recharging {unknown}
 p - a scroll of amnesia {unknown}
 s - 8 scrolls of identify {unknown}
 t - 2 scrolls of enchant weapon {unknown}
 A - 2 scrolls of immolation {unknown}
Potions
 b - 2 potions of curing
 c - a potion of heal wounds
 j - a potion of restore abilities {unknown}
 l - a potion of flight {unknown}
 n - a potion of confusion {unknown}
 o - a potion of cure mutation {unknown}
 q - 2 potions of brilliance {unknown}
 r - 2 potions of cancellation {unknown}
 u - a potion of might {unknown}
 I - a potion of resistance {unknown}
Comestibles
 d - 3 meat rations
 z - 2 beef jerkies
 F - a royal jelly
 H - 2 chunks of flesh


   Skills:
 - Level 1.3 Fighting
 * Level 5.1 Short Blades
 - Level 2.4 Dodging
 - Level 1.6 Unarmed Combat
 + Level 4.5 Invocations


You had 5 spell levels left.
You didn't know any spells.

Dungeon Overview and Level Annotations

Branches:
Dungeon (4/15)
 Temple: D:4-7

Altars:


Innate Abilities, Weirdness & Mutations

You are small and have problems with some larger weapons.
You are carnivorous and can eat meat at any time.


Message History

The quokka misses you.
You puncture the quokka!
You kill the quokka!
You hear some strange, mumbled words.
Something tries to affect you, but you resist.
Use which ability? (? or * to list)
You are healed.
The magic dart hits you!
* * * LOW HITPOINT WARNING * * *
Use which ability? (? or * to list)
You fail to use your ability.
Use which ability? (? or * to list)
You fade into invisibility!
You feel quite a bit less full. Something hits you.
* * * LOW HITPOINT WARNING * * *
Use which ability? (? or * to list)
You can't do that.
You completely miss something.
You hear some strange, mumbled words.
The magic dart hits you!
You die...

#### ..... ...... .......
....... ### #.......
#.###########.......b .
#.......@(.()............
#.###########.....>#.....
#.# #......#..... #.#
#......'..... #.#
#######.###..#..... #.#
...........#..#..... #.#
......##.#.#..#.....
#.##....... #.#.#..#.....
#.##.......##.#.#..#.....


There were no monsters in sight!

Vanquished Creatures
  An orc priest (D:3)
  2 orc wizards
  An adder (D:2)
  A giant mite (D:2)
  4 worms
  An adder skeleton (D:4)
  An ooze (D:3)
  5 orcs
  A giant cockroach (D:2)
  6 goblins
  5 hobgoblins
  2 kobolds
  A quokka (D:4)
  7 bats
  A giant newt (D:3)
  7 rats
46 creatures vanquished.

Vanquished Creatures (others)
  A giant gecko (D:1)
  An orc (D:3)
  A giant cockroach (D:1)
  A jackal (D:1)
  A giant newt (D:3)
  A rat (D:3)
6 creatures vanquished.

Grand Total: 52 creatures vanquished

Notes
Turn   | Place    | Note
--------------------------------------------------------------
     0 | D:1      | Psiweapon, the Kobold Healer, began the quest for the Orb.
     0 | D:1      | Reached XP level 1. HP: 12/12 MP: 2/2
   265 | D:1      | Reached skill level 1 in Unarmed Combat
   265 | D:1      | Reached XP level 2. HP: 10/16 MP: 4/4
  1011 | D:2      | Reached XP level 3. HP: 12/20 MP: 5/5
  1153 | D:2      | Reached skill level 1 in Short Blades
  1467 | D:2      | Reached XP level 4. HP: 25/25 MP: 7/7
  2178 | D:2      | Reached skill level 4 in Invocations
  2178 | D:2      | Reached XP level 5. HP: 15/29 MP: 5/9
  3324 | D:4      | Reached skill level 5 in Short Blades
  3324 | D:4      | Reached XP level 6. HP: 34/34 MP: 9/11
  3395 | D:4      | Killed from afar by an orc wizard

Action                   |  1- 3 |  4- 6 || total
-------------------------+-------+-------++-------
Melee: Unarmed           |    71 |       ||    71
       Short sword       |    21 |    73 ||    94
       Rapier            |       |   121 ||   121
       Dagger            |       |     1 ||     1
Invok: Lesser Healing    |    29 |    27 ||    56
       Lesser Self-Heali |     4 |     9 ||    13
       Purification      |     1 |       ||     1
 Abil: Evoke Invisibilit |     2 |     4 ||     6
       Turn Visible      |     1 |     1 ||     2
 Stab: Sleeping          |     2 |       ||     2
       Invisible         |     2 |     8 ||    10
  Eat: Chunk             |     9 |    20 ||    29
